 Dungeon Crawl Stone Soup version 0.22.1-1-ga44c0e5 (webtiles) character file.

170 magicm the Shooter (level 5, 0/41 HPs)
             Began as a Human Hunter on Nov 11, 2018.
             Slain by Blork the orc
             ... wielding a +0 trident
              (11 damage)
             ... on level 4 of the Dungeon.
             The game lasted 00:14:53 (2181 turns).

magicm the Shooter (Human Hunter)                   Turns: 2181, Time: 00:14:53

Health: 0/41       AC:  3    Str: 12    XL:     5   Next: 80%
Magic:  5/5        EV: 16    Int: 13    God:    Xom [..*...]
Gold:   177        SH:  0    Dex: 13    Spells: 4/4 levels left

rFire    + . .     SeeInvis .   b - +0 short sword
rCold    x . .     Gourm    .   (no shield)
rNeg     . . .     Faith    .   c - +0 leather armour
rPois    .         Spirit   .   (no helmet)
rElec    .         Reflect  .   (no cloak)
rCorr    .         Harm     .   (no gloves)
MR       .....                  (no boots)
Stlth    +.........             (no amulet)
HPRegen  0.13/turn              m - ring of fire
MPRegen  0.09/turn              k - +4 ring of evasion

@: no status effects
A: no striking features
a: Renounce Religion


You were on level 4 of the Dungeon.
You worshipped Xom.
You were a toy of Xom.
You were not hungry.

You visited 1 branch of the dungeon, and saw 4 of its levels.

You collected 177 gold pieces.

Inventory:

Hand Weapons
 a - a +2 shortbow
 b - a +0 short sword (weapon)
Armour
 c - a +0 leather armour (worn)
Jewellery
 k - a +4 ring of evasion (right hand)
 m - a ring of fire (left hand)
Scrolls
 g - a scroll of remove curse
 h - a scroll of fear
 i - a scroll of teleportation
Potions
 e - 2 potions of brilliance
 j - 3 potions of berserk rage
 l - a potion of might
Comestibles
 f - 7 rations


   Skills:
 + Level 3.1 Fighting
 + Level 1.0 Short Blades
 + Level 5.6 Bows
 + Level 1.0 Armour
 + Level 2.1 Dodging
 + Level 1.2 Stealth
   Level 0.3 Evocations


You had 4 spell levels left.
You didn't know any spells.
Your spell library was empty.

Dungeon Overview and Level Annotations

Branches:
Dungeon (4/15)
 Temple: D:4-7

Altars:
Gozag
Kikubaaqudgha
Nemelex Xobeh
Sif Muna
Xom

Annotations:
D:4 Blork the orc


Message History

You hit Blork the orc.
Blork the orc is severely wounded.
Blork the orc hits you with a trident!
You barely miss Blork the orc.
Blork the orc is severely wounded.
Blork the orc barely misses you.
You hit Blork the orc.
Blork the orc is almost dead.
Blork the orc gestures wildly while chanting.
Blork the orc flickers and vanishes!
Deactivating autopickup; reactivate with Ctrl-A.
You barely miss something.
You hear some strange, mumbled words.
A puff of frost appears from out of thin air!
The puff of frost misses you.
You miss something. Something hits you.
* * * LOW HITPOINT WARNING * * *
You barely miss something. Something hits you!
You die... "This toy is broken."

##.##...##.#
.........##.####
...............#
............####
................#
....#..#.######.##
.......######.##
..............#
.#..#.######@##
... #{# #.# (.#
(### #. #


There were no monsters in sight!

Vanquished Creatures
  Dowan (D:4)
  An orc wizard (D:4)
  An adder (D:2)
  An ooze (D:1)
  4 worms
  4 dart slugs
  3 leopard geckos
  3 orcs (D:4)
  4 giant cockroaches
  3 goblins
  5 hobgoblins
  4 jackals (D:4)
  2 quokkas (D:2)
  6 bats
  2 frilled lizards
  9 kobolds
  11 rats
64 creatures vanquished.

Notes
Turn   | Place    | Note
-------+----------+-------------------------------------------
     0 | D:1      | magicm the Human Hunter began the quest for the Orb.
     0 | D:1      | Reached XP level 1. HP: 16/16 MP: 1/1
    44 | D:1      | Reached XP level 2. HP: 22/22 MP: 2/2
   136 | D:1      | Reached XP level 3. HP: 27/27 MP: 3/3
   515 | D:2      | Found a sparkling altar of Nemelex Xobeh.
   553 | D:2      | Reached skill level 5 in Bows
   790 | D:2      | Reached XP level 4. HP: 28/34 MP: 4/4
  1055 | D:2      | Found an ancient bone altar of Kikubaaqudgha.
  1602 | D:3      | Found a shimmering altar of Xom.
  1603 | D:3      | Found a shimmering altar of Xom.
  1603 | D:3      | Found a shimmering altar of Xom.
  1668 | D:3      | Became a worshipper of Xom of Fickle Intent
  1880 | D:3      | Found a deep blue altar of Sif Muna.
  1886 | D:3      | Found an opulent altar of Gozag.
  1997 | D:4      | Noticed Dowan
  1999 | D:4      | Killed Dowan
  1999 | D:4      | Reached XP level 5. HP: 40/40 MP: 5/5
  2045 | D:4      | Reached skill level 1 in Short Blades
  2049 | D:4      | Reached skill level 1 in Armour
  2159 | D:4      | Noticed Blork the orc
  2159 | D:4      | XOM: harmless Erth miscast
  2181 | D:4      | Slain by Blork the orc

Skill      XL: |  1  2  3  4  5 |
---------------+----------------+-----
Bows           | 5 |  5.6
Fighting       | 3 |  3.1
Short Blades   | 1 |  1.0
Armour         | 1 |  1.0
Dodging        | |  2.1
Stealth        | |  1.2
Evocations     | |  0.3

Action                   |  1- 3 |  4- 6 || total
-------------------------+-------+-------++-------
Melee: Short sword       |    19 |    38 ||    57
 Fire: Shortbow          |    74 |    57 ||   131
Evoke: Wand              |       |     7 ||     7
  Use: Scroll            |     6 |     8 ||    14
       Potion            |     3 |       ||     3
  Eat: Ration            |       |     1 ||     1
Armor: Leather armour    |    10 |     7 ||    17
Dodge: Dodged            |    22 |    35 ||    57
